 Dungeon Crawl Stone Soup version 0.31-a0-986-g5e6e4ef867 (webtiles) character file.

Game seed: 15162309067967496341

1215 jlumianski the Ruffian (level 8, -1/54 HPs)
             Began as a Gnoll Shapeshifter on Nov 19, 2023.
             Was a Follower of Hepliaklqana.
             Killed by vampiric draining
             ... invoked by a vampire
              (12 damage)
             ... on level 7 of the Dungeon.
             The game lasted 00:24:11 (5040 turns).

jlumianski the Ruffian (Gnoll Shapeshifter)         Turns: 5040, Time: 00:24:12

Health: -1/54      AC: 10    Str: 14 (16) XL:     8   Next: 46%
Magic:  22/22      EV: 13    Int:  7 (9)  God:    Hepliaklqana [*.....]
Gold:   215        SH:  0    Dex: 13 (15) Spells: 13/13 levels left

rFire   . .          .
                       - Unarmed
rCold   . . .        (shield currently unavailable)
rNeg    . . .        J - +3 leather armour
rPois   .            E - +2 helmet "Bofazil" {Dex+3}
rElec   .            (no cloak)
rCorr   .            v - +0 pair of gloves
SInv    .            (no boots)
Will    .....        o - amulet of the acrobat
Stlth   +            z - ring of magical power
HPRegen 0.29/turn    (no ring)
MPRegen 0.18/turn

%: acrobat
@: flux-form, glowing
A: glow, contaminating, reduced essence, fangs 1, strong nose, distributed
training
a: Begin Untransformation, Renounce Religion, Recall Ancestor, Ancestor Identity


You were on level 7 of the Dungeon.
You worshipped Hepliaklqana.
Hepliaklqana was aware of your devotion.
You were something dangerously unstable.
You visited 1 branch of the dungeon, and saw 7 of its levels.

You collected 215 gold pieces.

Inventory:

Hand Weapons
 u - a +2 short sword of speed
 C - a +2 spear of flaming
 G - a +0 dagger of draining
 I - a +0 hand axe of venom
Missiles
 k - 10 poisoned darts (quivered)
 p - 4 javelins
Armour
 a - a +0 animal skin
 e - a +0 leather armour
 g - a +0 ring mail
 s - a +0 helmet
 v - a +0 pair of gloves (worn)
 D - a +0 robe of willpower
 E - the +2 helmet "Bofazil" (worn) {Dex+3}
   (You found it on level 4 of the Dungeon)

   Dex+3:     It affects your dexterity (+3).
 J - a +3 leather armour (worn)
Magical Staves
 t - a staff of death
Jewellery
 o - an amulet of the acrobat (around neck)
 z - a ring of magical power (left hand)
Talismans
 c - a beast talisman
 d - a flux talisman (active)
 B - a serpent talisman
Wands
 b - a wand of roots (5)
 y - a wand of flame (12)
 F - a wand of mindburst (5)
Scrolls
 f - 2 scrolls of fear {unknown}
 m - a scroll of blinking {unknown}
 r - 2 scrolls of teleportation
 A - a scroll of vulnerability {unknown}
 H - 2 scrolls of silence
 K - a scroll of enchant weapon {unknown}
 L - a scroll of noise {unknown}
 N - a scroll of revelation {unknown}
Potions
 h - a potion of haste
 i - 3 potions of might
 j - 4 potions of heal wounds
 l - a potion of enlightenment
 n - 2 potions of brilliance
 q - 2 potions of degeneration
 x - a potion of magic
 M - a potion of berserk rage
 O - a potion of resistance


   Skills:
 + Level 4.3 Fighting
 + Level 3.3 Short Blades
 + Level 3.3 Long Blades
 + Level 3.3 Axes
 + Level 3.3 Maces & Flails
 + Level 3.3 Polearms
 + Level 3.3 Staves
 + Level 3.3 Ranged Weapons
 + Level 3.3 Throwing
 + Level 3.3 Armour
 + Level 5.7 Dodging
 + Level 3.3 Stealth
 + Level 3.3 Shields
 + Level 7.4 Unarmed Combat
 + Level 3.3 Spellcasting
 + Level 2.7 Conjurations
 + Level 2.7 Hexes
 + Level 2.7 Summonings
 + Level 2.7 Necromancy
 + Level 2.7 Translocations
 + Level 2.7 Transmutations
 + Level 2.7 Fire Magic
 + Level 2.7 Ice Magic
 + Level 2.7 Air Magic
 + Level 2.7 Earth Magic
 + Level 2.7 Poison Magic
 + Level 3.7 Invocations
 + Level 3.3 Evocations
 + Level 7.2 Shapeshifting


You had 13 spell levels left.
You didn't know any spells.
Your spell library contained the following spells:

 Spells                   Type           Power      Damage    Failure   Level
 Blink                    Tloc           10%        N/A       21%         2
 Ensorcelled Hibernation  Hex/Ice        10%        N/A       21%         2
 Passwall                 Tmut/Erth      4%         N/A       21%         2
 Swiftness                Air            5%         N/A       36%         3
 Manifold Assault         Tloc           5%         N/A       78%         4


Dungeon Overview and Level Annotations

Branches:
Dungeon (7/15)             Temple (0/1) D:6

Altars:
Cheibriados
Elyvilon
Fedhas
Hepliaklqana
Kikubaaqudgha
Trog


Innate Abilities, Weirdness & Mutations

You are something dangerously unstable.
You glow with magical radiation, making you easy to see and hit.
Foes you strike become dangerously contaminated with magical radiation.
You are incapable of wielding weapons or throwing items.
Your life essence is reduced to manifest your ancestor. (-10% HP)
You have very sharp teeth.
Your uncanny sense of smell can sniff out nearby items.
Your experience applies equally to all skills.


Message History

Ingwe hits the vampire but does no damage.
The vampire hits Ingwe.
The vampire bites Ingwe.
Ingwe hits the vampire but does no damage.
The vampire hits Ingwe.
The vampire barely misses Ingwe.
Ingwe hits the vampire.
The vampire hits Ingwe!
The vampire bites Ingwe!
Ingwe is destroyed!
The vampire completely misses you. The vampire barely misses you.
There is a stone staircase leading up here.
You hit the vampire.
The vampire begins to glow.
The vampire is lightly damaged.
You hit the vampire but do no damage.
The vampire glows dangerously bright.
The vampire is lightly damaged.
The vampire closely misses you. The vampire bites you.
The vampire draws strength from your injuries!
You hit the vampire but do no damage.
The vampire shudders as magic cascades through it!
The vampire is severely damaged.
The vampire barely misses you. x2
You hit the vampire but do no damage.
The vampire begins to glow.
You bite the vampire, but do no damage.
The vampire is severely damaged.
The vampire draws life force from you!
The vampire is healed by the life force!
You hit the vampire but do no damage.
The vampire glows dangerously bright.
The vampire is heavily damaged.
The vampire hits you! The vampire bites you!
The vampire draws strength from your injuries!
You hit the vampire but do no damage.
The vampire shudders as magic cascades through it!!
The vampire is almost destroyed.
The vampire barely misses you. The vampire bites you!
* * * LOW HITPOINT WARNING * * *
The vampire draws strength from your injuries!
You hit the vampire.
The vampire begins to glow.
You bite the vampire, but do no damage.
The vampire is severely damaged.
You hit the vampire.
The vampire glows dangerously bright.
The vampire is almost destroyed.
The vampire draws life force from you!
You die...

>.. #.# #.##.##
### ...... ..##
#... ...# . ∆
#..###...##.#
#..........[#
#........#
#.#>#....#
#.p......#
#.....#V#.###....
#.###.....# ...
[..##.### .. ....
#.# . .... #.#
.... ..# #... ..#


You could see a vampire (heavy contam).

Vanquished Creatures
  A steam dragon (D:4)
  2 ogres
  A centaur (D:5)
  A phantom (D:4)
  A howler monkey (D:6)
  A jelly (D:5)
  2 gnoll boudas (D:3)
  An orc priest (D:5)
  2 hounds
  A sleepcap (D:4)
  Ijyb (D:4)
  4 iguanas
  An orc wizard (D:5)
  Robin (D:1)
  7 gnolls
  8 adders
  A shadow imp (D:6)
  3 dart slugs
  13 orcs
  12 bats
  7 endoplasms
  7 giant cockroaches
  15 goblins
  12 hobgoblins
  12 jackals
  5 kobolds
  8 quokkas
  3 ball pythons
  5 frilled lizards
  5 rats
143 creatures vanquished.

Vanquished Creatures (collateral kills)
  A hound (D:5)
  An orc wizard (D:6)
  A worm (D:5)
  4 orcs
7 creatures vanquished.

Vanquished Creatures (others)
  2 ancestors
2 creatures vanquished.

Grand Total: 152 creatures vanquished

Notes
Turn   | Place    | Note
-------+----------+-------------------------------------------
     0 | D:1      | jlumianski the Gnoll Shapeshifter began the quest for the
                  | Orb.
     0 | D:1      | Reached XP level 1. HP: 17/17 MP: 1/1
    63 | D:1      | Reached XP level 2. HP: 23/23 MP: 2/2
   295 | D:1      | Reached XP level 3. HP: 28/28 MP: 3/3
   372 | D:1      | Reached skill level 1 in Invocations
   532 | D:2      | Found a snail-covered altar of Cheibriados.
   636 | D:2      | Reached skill level 1 in Short Blades
   636 | D:2      | Reached skill level 1 in Long Blades
   636 | D:2      | Reached skill level 1 in Axes
   636 | D:2      | Reached skill level 1 in Maces & Flails
   636 | D:2      | Reached skill level 1 in Polearms
   636 | D:2      | Reached skill level 1 in Staves
   636 | D:2      | Reached skill level 1 in Ranged Weapons
   636 | D:2      | Reached skill level 1 in Throwing
   636 | D:2      | Reached skill level 1 in Armour
   636 | D:2      | Reached skill level 1 in Stealth
   636 | D:2      | Reached skill level 1 in Shields
   636 | D:2      | Reached skill level 1 in Spellcasting
   636 | D:2      | Reached skill level 1 in Evocations
   712 | D:2      | Reached XP level 4. HP: 34/34 MP: 5/5
   870 | D:2      | Noticed Robin
   930 | D:1      | Killed Robin
   941 | D:1      | Reached skill level 1 in Conjurations
   941 | D:1      | Reached skill level 1 in Hexes
   941 | D:1      | Reached skill level 1 in Summonings
   941 | D:1      | Reached skill level 1 in Necromancy
   941 | D:1      | Reached skill level 1 in Translocations
   941 | D:1      | Reached skill level 1 in Transmutations
   941 | D:1      | Reached skill level 1 in Fire Magic
   941 | D:1      | Reached skill level 1 in Ice Magic
   941 | D:1      | Reached skill level 1 in Air Magic
   941 | D:1      | Reached skill level 1 in Earth Magic
   941 | D:1      | Reached skill level 1 in Poison Magic
  1197 | D:3      | Identified the "Sinaxur"
  1533 | D:3      | Reached XP level 5. HP: 40/40 MP: 6/6
  2165 | D:3      | Found a hazy altar of Hepliaklqana.
  2166 | D:3      | Found an ancient bone altar of Kikubaaqudgha.
  2167 | D:3      | Found a bloodstained altar of Trog.
  2168 | D:3      | Found a blossoming altar of Fedhas.
  2174 | D:3      | Became a worshipper of Hepliaklqana the Forgotten
  2447 | D:4      | Reached XP level 6. HP: 40/47 MP: 8/8
  2537 | D:4      | Reached skill level 5 in Dodging
  3020 | D:4      | Identified the +2 helmet "Bofazil" {Dex+3}
  3133 | D:5      | Entered Level 5 of the Dungeon
  3329 | D:4      | Noticed a steam dragon
  3340 | D:4      | Killed a steam dragon
  3341 | D:4      | Reached XP level 7. HP: 15/52 MP: 10/10
  3794 | D:4      | Noticed Ijyb
  3800 | D:4      | Killed Ijyb
  3921 | D:5      | Reached * piety under Hepliaklqana
  3940 | D:5      | Reached XP level 8. HP: 48/54 MP: 12/12
  4059 | D:5      | Found a white marble altar of Elyvilon.
  4210 | D:6      | Found a staircase to the Ecumenical Temple.
  5020 | D:7      | Noticed a vampire
  5040 | D:7      | Killed from afar by a vampire

Illustrated notes

Levels and vault maps discovered:
D:1:      psy_arrival_statuary, layout_rooms, serial_bayou_pond_e
D:2:      layout_rooms, basic_altar, uniq_robin
D:3:      layout_basic, chequers_temple_overflow_statue_of_worship
D:4:      layout_basic, uniq_ijyb
D:5:      layout_cave_pools, elyvilon_altar_3, serial_glass, glass_columns_b,
          glass_columns_b, glass_columns_a, glass_columns_a, glass_columns_a,
          glass_columns_a, glass_columns_b, glass_columns_c, glass_columns_a,
          glass_columns_a, glass_columns_b, glass_columns_c, glass_columns_c,
          glass_columns_b, due_unseen_surprise, minmay_strange_pillars,
          feat_on_display, feat_on_display, abandoned_shop
D:6:      layout_loops_corners, nemelex_dance_club_becter,
          minmay_temple_entry_large_hall, minmay_misc_feat_ornament
D:7:      layout_loops_cross, lightli_bailey_entry_fortress, uniq_menkaure,
          uniq_joseph

Skill      XL: |  1  2  3  4  5  6  7 |
---------------+----------------------+-----
Invocations    | 1 2 3 |  3.7
Short Blades   | 1 2 3 |  3.3
Long Blades    | 1 2 3 |  3.3
Axes           | 1 2 3 |  3.3
Maces & Flails | 1 2 3 |  3.3
Polearms       | 1 2 3 |  3.3
Staves         | 1 2 3 |  3.3
Ranged Weapons | 1 2 3 |  3.3
Throwing       | 1 2 3 |  3.3
Armour         | 1 2 3 |  3.3
Stealth        | 1 2 3 |  3.3
Shields        | 1 2 3 |  3.3
Spellcasting   | 1 2 3 |  3.3
Evocations     | 1 2 3 |  3.3
Conjurations   | 1 2 |  2.7
Hexes          | 1 2 |  2.7
Summonings     | 1 2 |  2.7
Necromancy     | 1 2 |  2.7
Translocations | 1 2 |  2.7
Transmutations | 1 2 |  2.7
Fire Magic     | 1 2 |  2.7
Ice Magic      | 1 2 |  2.7
Air Magic      | 1 2 |  2.7
Earth Magic    | 1 2 |  2.7
Poison Magic   | 1 2 |  2.7
Fighting       | 3 4 |  4.3
Dodging        | 5 |  5.7
Unarmed Combat | 7 |  7.4
Shapeshifting  | 7 |  7.2

Action                     |  1- 3 |  4- 6 |  7- 9 || total
---------------------------+-------+-------+-------++-------
  Melee: Unarmed           |    69 |   200 |   125 ||   394
         Bite              |     5 |    21 |    14 ||    40
         Punch             |       |    10 |       ||    10
  Throw: Dart              |       |     6 |       ||     6
  Evoke: Wand              |       |       |     4 ||     4
    Use: Potion            |     2 |     1 |     5 ||     8
         Scroll            |       |     1 |     6 ||     7
 Armour: Animal skin       |     9 |       |       ||     9
         Skin              |     5 |       |       ||     5
         Ring mail         |    17 |   113 |    25 ||   155
         Leather armour    |     1 |       |    30 ||    31
  Dodge: Dodged            |    50 |   194 |    78 ||   322
   Form: Flux              |       |     1 |       ||     1

Table legend: (Time is in decaauts)
 A = Elapsed time spent in this place.
 B = Non-inter-level travel time spent in this place.
 C = Inter-level travel time spent in this place.
 D = Time resting spent in this place.
 E = Time spent auto-exploring this place.
 F = Levels seen in this place.
 G = Mean time per level.
                   A        B        C        D        E       F      G
               +--------+--------+--------+--------+--------+-----+--------+
         Total |   4991 |   4872 |    119 |    853 |   1672 |   7 |  713.0 |
       Dungeon |   4991 |   4872 |    119 |    853 |   1672 |   7 |  713.0 |
               +--------+--------+--------+--------+--------+-----+--------+

Top non-repeatable levels by time:
     D:4: 1440 daAuts
     D:3: 1130 daAuts
     D:5: 746 daAuts
     D:1: 692 daAuts
     D:2: 572 daAuts
     D:6: 389 daAuts
     D:7: 18 daAuts
